AoeStats
← Descenter

Arabia

510315007Analyzed
1v1 RM · 2d ago on Sep 30, 2026· 27m 25s· 2 players
Game mode
Random Map
Map size
Tiny (2 player)
Population
200
Speed
Normal
Resources
Standard
Victory
Conquest
Starting age
Dark Age
Ending age
Imperial Age
RankedLock teamsTeams togetherTeam positionsShared explorationLock speedFull tech treeHidden civsTurbo modeCheats
Victory
Defeat
🇨🇿 Khmer · Czechia
664
+16
🇨🇳 Byzantines · China
669
-16
vokor
3:45 Loom
12:23 Feudal Age
13:50 Wheelbarrow
13:13 Man-at-Arms
17:15 Horse Collar
17:26 Double-Bit Axe
25:39 Castle Age
Descenter
11:05 Feudal Age
20:29 Castle Age
Connection lost

Rejoining the realm…

Still unreachable

The connection could not be restored.

Session expired

The server has moved on; the page needs a fresh start.